 Dungeon Crawl Stone Soup version 0.22.1-2-g9c5b331383 (webtiles) character file.

31 Ihlosi the Chiller (level 3, -46/20 HPs)
             Began as a Kobold Ice Elementalist on Jan 5, 2019.
             Killed from afar by a giant cockroach (52 damage)
             ... with an exploding inner flame
             ... hexed by the player character
             ... on level 2 of the Dungeon.
             The game lasted 00:02:44 (942 turns).

Ihlosi the Chiller (Kobold Ice Elementalist)         Turns: 942, Time: 00:02:45

Health: -46/20     AC:  2    Str:  5    XL:     3   Next: 40%
Magic:  3/7        EV: 15    Int: 17    God:
Gold:   9          SH:  0    Dex: 15    Spells: 6/7 levels left

rFire    . . .     SeeInvis .   (weapon restricted)
rCold    . . .     Gourm    .   (shield restricted)
rNeg     . . .     Faith    .   a - +0 robe
rPois    .         Spirit   .   (no helmet)
rElec    .         Reflect  .   (no cloak)
rCorr    .         Harm     .   (no gloves)
MR       .....                  (no boots)
Stlth    ++........             (no amulet)
HPRegen  0.06/turn              (no ring)
MPRegen  0.10/turn              (no ring)

@: no status effects
A: small, carnivore
a: no special abilities


You were on level 2 of the Dungeon.
You were very full.

You visited 1 branch of the dungeon, and saw 2 of its levels.

You collected 9 gold pieces.

Inventory:

Armour
 a - a +0 robe (worn)
 d - a cursed +1 buckler
Scrolls
 b - a scroll of enchant armour
 e - 3 scrolls of immolation
 h - a scroll of identify
Potions
 f - a potion of magic
 g - 2 potions of degeneration
Comestibles
 c - 2 rations


   Skills:
 * Level 0.6 Fighting
 * Level 0.2 Armour
 * Level 2.6 Dodging
 * Level 3.0 Stealth
 * Level 2.7 Spellcasting
   Level 1.0 Conjurations
 * Level 3.4 Ice Magic


You had 6 spell levels left.
You knew the following spells:

 Your Spells              Type           Power        Failure   Level  Hunger
a - Freeze                Ice            ##..         4%          1    #......

Your spell library contained the following spells:

 Spells                   Type           Power        Failure   Level  Hunger
 Throw Frost              Conj/Ice       #.....       11%         2    ##.....
 Ozocubu's Armour         Chrm/Ice       #.......     26%         3    ###....
 Throw Icicle             Conj/Ice       #.......     56%         4    #####..
 Summon Ice Beast         Ice/Summ       #.......     65%         4    #####..


Dungeon Overview and Level Annotations

Branches:
Dungeon (2/15)

Altars:
Yredelemnul

Annotations:
D:2 Sigmund


Innate Abilities, Weirdness & Mutations

You are small and have problems with some larger weapons.
You are carnivorous and can eat meat at any time.


Message History

f - a potion of magic The giant cockroach misses you.
A magic dart appears from out of thin air!
The magic dart hits you!
* * * LOW HITPOINT WARNING * * *
Casting: Freeze (safe; 4% risk of failure)
Confirm with . or Enter, or press ? or * to list all spells.
You don't know that spell.
Casting: Freeze (safe; 4% risk of failure)
Confirm with . or Enter, or press ? or * to list all spells.
Aiming: Freeze (safe; 4% risk of failure)
Press: ? - help, Shift-Dir - straight line, f/p - giant cockroach
Aim: a giant cockroach (clinging, inner flame)
You freeze the giant cockroach.
The giant cockroach explodes!
The fiery explosion engulfs the goblin.
The goblin explodes!
The fiery explosion engulfs you!
Ouch! That really hurt!
You die...

.....#.# #.# .. .....#.# #.#
... ####.#.# #.# ....
####.#+###############.###.....
...............................
####......##.#########..###.###
.............# ##.#.@...
#####.....#############.#.#.###
#.....# #.@....{.........
#.....# #§#######.#.#.#..
####### #§# #........
######§#### #)..#.#..
#.........####.w.#.#
#....?......w.†..# #
#.............#......
#.....................
#.....$#..[...#.#.....


There were no monsters in sight!

Vanquished Creatures
  An adder (D:2)
  A dart slug (D:1)
  2 giant cockroaches (D:1)
  5 goblins
  A hobgoblin (D:1)
  3 bats (D:1)
  A frilled lizard (D:1)
  3 kobolds
  5 rats (D:1)
22 creatures vanquished.

Notes
Turn   | Place    | Note
-------+----------+-------------------------------------------
     0 | D:1      | Ihlosi the Kobold Ice Elementalist began the quest for the
                  | Orb.
     0 | D:1      | Reached XP level 1. HP: 10/10 MP: 3/3
   178 | D:1      | Reached XP level 2. HP: 8/15 MP: 0/5
   829 | D:2      | Found a basalt altar of Yredelemnul.
   861 | D:2      | Reached XP level 3. HP: 20/20 MP: 4/7
   926 | D:2      | Noticed Sigmund
   942 | D:2      | Killed from afar by a giant cockroach

Skill      XL: |  1  2 |
---------------+-------+-----
Stealth        | 3 |  3.0
Fighting       | |  0.6
Armour         | |  0.2
Dodging        | |  2.6
Spellcasting   | |  2.7
Conjurations   | |  1.0
Ice Magic      | |  3.4

Action                   || total
-------------------------++-------
Melee: Unarmed           ||     7
 Cast: Freeze            ||    33
  Use: Scroll            ||     4
  Eat: Chunk             ||     8
Armor: Robe              ||     7
Dodge: Dodged            ||    32
